Get step-by-step instructions on how to execute this build order below. Start the game timer, and the build order will tick by so you can play in parallel with StarCraft on a second screen or mobile device.

Game Time

  0:00

Last Step

  N/A

Next Step

Upcoming Step



Don't want to look back and forth between 2 screens? Try out our Overwolf App, the Spawning Tool Build Advisor to get an in-game overlay with this build!

Complete Build Order

  12  0:00  Drone  
  13  0:07  Drone  
  13  0:14  Extractor  
  13  0:15  Drone  
  15  0:36  Hatchery  
  15  0:41  Extractor  
  15  0:42  Drone  
  15  0:49  Overlord  
  15  1:03  Spawning Pool  
  14  1:07  Drone  
  14  1:10  Drone  
  16  1:13  Drone  
  17  1:19  Drone  
  18  1:31  Drone  
  19  1:39  Extractor  
  18  1:41  Drone  
  19  1:49  Queen x2  
  19  1:50  Drone  
  19  1:51  Drone  
  25  2:00  Drone  
  25  2:01  Overlord  
  26  2:11  Drone  
  26  2:12  Drone  
  28  2:25  Queen  
  28  2:26  Drone, Spore Crawler  
  28  2:27  Drone  
  31  2:32  Overlord  
  31  2:33  Drone  
  33  2:42  Metabolic Boost  
  33  2:43  Drone  
  34  2:45  Drone  
  35  2:53  Drone  
  35  2:55  Drone  
  35  2:57  Hatchery  
  36  3:00  Drone  
  36  3:01  Drone  
  38  3:07  Drone x3  
  38  3:11  Overlord  
  41  3:13  Drone  
  41  3:14  Drone  
  41  3:18  Drone  
  44  3:27  Overlord  
  44  3:29  Queen  
  47  3:34  Zergling x8  
  47  3:36  Queen  
  52  3:41  Overlord  
  52  3:47  Drone x2  
  54  3:50  Drone  
  55  3:56  Drone  
  55  4:02  Zergling x2  
  57  4:03  Drone  
  57  4:04  Drone  
  57  4:05  Drone x4  
  57  4:09  Queen  
  65  4:10  Drone x2, Queen  
  65  4:14  Drone  
  69  4:18  Drone  
  69  4:21  Drone  
  70  4:24  Drone  
  70  4:27  Queen  
  70  4:29  Drone  
  70  4:31  Spore Crawler  
  73  4:32  Drone  
  74  4:41  Evolution Chamber x2  
  74  4:43  Drone x2, Spore Crawler  
  74  4:44  Drone, Overlord  
  74  4:51  Lair  
  74  4:58  Overlord  
  73  5:01  Overlord  
  73  5:02  Spore Crawler, Queen  
  73  5:03  Drone x3, Overlord  
  73  5:04  Drone  
  73  5:05  Drone x3  
  81  5:08  Zerg Melee Weapons Level 1  
  81  5:09  Extractor x2  
  81  5:11  Drone  
  80  5:14  Extractor  
  80  5:15  Drone x2  
  80  5:19  Zerg Ground Armor Level 1  
  80  5:21  Zergling x8, Extractor  
  85  5:26  Zergling x4  
  86  5:30  Drone x3  
  86  5:33  Zergling x2  
  90  5:37  Drone x2, Baneling Nest, Overlord  
  90  5:38  Zergling x2  
  90  5:41  Hatchery  
  91  5:43  Zergling x4  
  94  5:50  Zergling x2  
  94  5:52  Zergling x2  
  94  5:53  Overseer  
  94  5:55  Zergling x6  
  97  5:59  Zergling x2  
  97  6:01  Queen x3  
  97  6:03  Zergling x2  
  105  6:09  Overlord  
  105  6:10  Zergling x8  
  109  6:13  Overlord x2  
  109  6:14  Zergling x2  
  110  6:19  Overlord x2  
  110  6:20  Centrifugal Hooks  
  110  6:22  Overlord x2  
  110  6:24  Baneling x7  
  110  6:25  Baneling  
  110  6:30  Zergling x8  
  110  6:37  Queen  
  110  6:38  Zergling x4  
  114  6:42  Queen  
  114  6:44  Zergling x12  
  122  6:48  Zergling x2  
  122  6:52  Zergling x6, Queen  
  128  6:55  Baneling x5  
  128  6:58  Zergling x4  
  125  7:02  Zergling x2  
  125  7:07  Zergling x8  
  127  7:12  Zergling x4, Queen  
  127  7:13  Queen  
  127  7:14  Overlord  
  132  7:17  Zergling x6  
  132  7:20  Zergling x6  
  132  7:22  Zergling x4  
  137  7:27  Zergling x6  
  137  7:28  Zergling x2  
  140  7:31  Zergling x4  
  140  7:33  Baneling x7  
  142  7:37  Zergling x2  
  142  7:41  Zergling x6  
  140  7:47  Zergling x2  
  140  7:48  Zergling x2  
  140  7:49  Zergling x4  
  140  7:50  Zergling x2  
  140  7:51  Zergling x4  
  146  7:53  Zergling x2  
  146  7:54  Zergling x4  
  146  7:58  Zergling x2  
  148  8:02  Zergling x2  
  148  8:03  Zerg Melee Weapons Level 2, Zerg Ground Armor Level 2  
  115  8:06  Zergling x4  
  115  8:09  Zergling x2, Queen x2  
  115  8:11  Zergling x2, Baneling x3  
  115  8:14  Baneling x4  
  115  8:17  Zergling x4  
  114  8:21  Zergling x8  
  114  8:22  Zergling x2  
  114  8:23  Zergling x2  
  114  8:24  Baneling x2  
  115  8:28  Zergling x6  
  115  8:31  Zergling x2  
  115  8:32  Zergling x2  
  118  8:37  Zergling x4  
  118  8:41  Baneling x5  
  118  8:43  Zergling x4  
  119  8:49  Zergling x8  
  119  8:52  Overlord  
  119  8:53  Zergling x2  
  119  8:57  Zergling x2  
  119  8:58  Zergling x8  
  119  9:02  Overlord  
  123  9:05  Baneling x10  
  123  9:09  Overlord x2  
  118  9:16  Zergling x2  
  110  9:17  Zergling x4  
  110  9:19  Zergling x4  
  110  9:22  Zergling x2  
  110  9:24  Zergling x6  
  111  9:28  Zergling x4  
  111  9:30  Zergling x2  
  98  9:33  Queen x2  
  98  9:34  Zergling x2  
  98  9:39  Baneling x10  
  98  9:40  Zergling x4  
  98  9:41  Zergling x2  
  98  9:42  Baneling x7  
  98  9:45  Overlord  
  90  9:54  Zergling x6  
  90  9:57  Zergling x2  
  87  10:01  Baneling x6  
  87  10:02  Zergling x2  
  87  10:03  Zergling x4  
  87  10:06  Zergling x2  
  87  10:07  Zergling x12  
  88  10:09  Zergling x6  
  88  10:11  Queen  
  88  10:13  Zergling x2  
  96  10:17  Zergling x6  
  96  10:18  Queen  
  101  10:23  Zergling x4  
  103  10:29  Zergling x4, Queen x2  
  103  10:35  Zergling x4  
  101  10:37  Zergling x2  
  101  10:40  Zergling x2  
  101  10:42  Baneling x2  
  93  10:43  Baneling x6  
  93  10:44  Zergling x6  
  93  10:45  Zergling x2  
  93  10:49  Zergling x10  
  101  10:52  Zergling x2  
  101  10:53  Queen  
  101  10:57  Zergling x4  
  106  11:01  Zergling x2  
  106  11:02  Zergling x2  
  106  11:03  Queen  
  108  11:05  Queen  
  108  11:08  Zergling x2  
  108  11:10  Zergling x4  
  111  11:17  Zergling x4  
  107  11:21  Zergling x2, Queen  
  107  11:22  Zergling x2  
  103  11:25  Zergling x6  
  103  11:26  Zergling x2  
  103  11:29  Queen  
  103  11:31  Zergling x4  
  106  11:35  Zergling x6  
  106  11:36  Zergling x2  
  106  11:39  Queen  
  111  11:41  Zergling x10  
  111  11:43  Zergling x2  
  114  11:47  Zergling x2  
  114  11:49  Baneling x6  
  114  11:51  Zergling x4  
  114  11:53  Zergling x2  
  118  11:59  Zergling x4  
  118  12:03  Zergling x2  
  118  12:04  Zergling x2  
  118  12:07  Queen x2  
  118  12:08  Zergling x2  
  119  12:09  Zergling x2  
  119  12:10  Queen  
  119  12:11  Zergling x4  
  119  12:12  Zergling x2  
  119  12:13  Zergling x4  
  125  12:20  Zergling x2  
  125  12:21  Baneling x11  
  125  12:22  Zergling x2  
  121  12:24  Zergling x2  
  121  12:26  Zergling x4  
  121  12:29  Zergling x4  
  120  12:30  Zergling x2  
  120  12:31  Zergling x2  
  120  12:32  Zergling x4  
  120  12:34  Zergling x2  
  120  12:38  Zergling x4  
  120  12:39  Zergling x2  
  120  12:40  Zergling x2